Unix NetHack Version 3.7.0-101 Work-in-progress - last build Mar 4 2024 02:26:32 (3c4ac04b664b9ee0831c739617f054b5b60dbfd1,branch:master). Game began 2024-03-04 08:50:12, ended 2024-03-04 09:36:59. elenmirie, neutral female gnomish Archeologist ------ --------+---- |....-########............| ------- |....| |...........| ..... ------------ #......# |...........| .. |..........-######------# |............### [ |..........| # # |...........| # f@### |...{......|######### # |...........| ## a ## |....>......# # # ----.-------- # # ## |..........| ## # # # #) ## ------------ ######## # ## ## ## # ######################--------.-- # # # #|.........| #### # # #..........| -----.- # -------.------ #|.......^.| +.....| #####|............| #----------- |.....| #|.............######## .....<| #.............| ------- -------------- Elenmirie the Field Worker St:8 Dx:11 Co:16 In:16 Wi:13 Ch:10 Neutral Dlvl:6 $:0 HP:0(37) Pw:24(24) AC:7 Xp:4/121 T:2870 Hungry Burdened Latest messages: The gnome lady misses Coco. Coco bites the gnome lady. The gnome lady misses Coco. Coco misses the gnome lady. You find a hidden door. You swap places with Coco. You swap places with Coco. You swap places with Coco. You swap places with Coco. A board beneath Coco squeaks a D note loudly. You see here a cursed dagger. You hear a door open. You are beginning to feel hungry. The kobold mummy hits! The kobold mummy hits! Coco misses it. Coco misses it. You miss the kobold mummy. The kobold mummy hits! Coco misses it. You miss the kobold mummy. The kobold mummy hits! Coco misses the kobold mummy. You miss the kobold mummy. The kobold mummy hits! Coco bites the kobold mummy. The killer bee stings! The killer bee stings! Coco misses the kobold mummy. Coco misses the kobold mummy. You miss the kobold mummy. The killer bee stings! The killer bee's sting was poisoned! You feel weaker! Coco misses the kobold mummy. Coco misses the kobold mummy. You lash the kobold mummy. The killer bee stings! The kobold mummy hits! Coco misses the kobold mummy. The killer bee stings! You destroy the kobold mummy! The killer bee stings! The killer bee's sting was poisoned! You die... Do you want your possessions identified? [ynq] (y) y Do you want to see your attributes? [ynq] (y) y Do you want an account of creatures vanquished? [ynaq] (y) y Do you want to see your conduct and achievements? [ynq] (y) y Do you want to see the dungeon overview? [ynq] (y) y Inventory: Weapons F - 23 uncursed +0 darts a - an uncursed +2 bullwhip (weapon in right hand) Armor c - an uncursed +0 fedora (being worn) o - an uncursed +0 elven cloak (being worn) n - an uncursed +0 leather armor (being worn) Comestibles d - 8 uncursed food rations x - an uncursed fortune cookie B - 2 uncursed tripe rations Rings s - an uncursed ring of polymorph control Wands r - a cursed wand of undead turning (0:2) Tools w - an uncursed sack containing 11 items l - an uncursed frost horn (0:2) t - an uncursed tinning kit (0:81) u - a cursed towel Gems/Stones g - an uncursed touchstone Contents of the sack: 983 gold pieces an uncursed scroll of enchant weapon an uncursed scroll of identify a cursed scroll of identify an uncursed scroll of teleportation an uncursed potion of extra healing an uncursed potion of fruit juice an uncursed potion of hallucination 2 uncursed potions of healing an uncursed potion of sleeping an uncursed +0 pick-axe Elenmirie the Archeologist's attributes: Background: You were a Field Worker, a level 4 female gnomish Archeologist. You were neutral, nominally on a mission for Camaxtli who was opposed by Quetzalcoatl (lawful) and Huhetotl (chaotic). You were right-handed. You were in the Dungeons of Doom, on level 6. You entered the dungeon 2870 turns ago. You had 121 experience points, 39 more were needed to attain level 5. Basics: You had 0 out of 37 hit points. You had all 24 energy points (spell power). Your armor class was 7. Your wallet was empty, but you had 983 zorkmids stashed away in your pack. Autopickup was on for '$' plus thrown. Final Characteristics: Your strength was 8 (peak:10, limit:18/50). Your dexterity was 11 (limit:18). Your constitution was 16 (limit:18). Your intelligence was 16 (limit:19). Your wisdom was 13 (limit:18). Your charisma was 10 (limit:18). Final Status: You were hungry. You were burdened; movement was slightly slowed. You were wielding a whip. You had basic skill with whip. Final Attributes: You were piously aligned. You had automatic searching. You had infravision. You were stealthy. You were warded. You are dead. Miscellaneous: You never encountered a bones level. Total elapsed playing time was 46 minutes and 46 seconds. Major events: Turn 1: elenmirie the neutral female gnomish Archeologist entered the dungeon 563: entered the Gnomish Mines 1001: attained the rank of Field Worker (level 3) 2870: killed by a killer bee Vanquished creatures: a pony a kobold mummy a straw golem a floating eye 4 iguanas an acid blob a hobbit a giant rat a yellow mold a gnome 3 geckos 10 jackals a kobold 4 goblins 2 sewer rats 2 grid bugs 4 lichens 6 newts 45 creatures vanquished. No species were genocided or became extinct. Voluntary challenges: You followed a strict vegan diet. You were an atheist. You were illiterate. You never engraved Elbereth. You never genocided any monsters. You never polymorphed an object. You never changed form. You used no wishes. Achievements: You entered the Gnomish Mines. You entered a shop. You attained the rank of Field Worker. The Dungeons of Doom: levels 1 to 6 Level 1: Level 2: Some fountains, a grave. Stairs down to The Gnomish Mines. Level 3: Level 4: A fountain, a grave. Level 5: A fountain, a grave. Level 6: <- You were here. A sink. Final resting place for you, killed by a killer bee. The Gnomish Mines: Level 3: Game over: ---------- / \ / REST \ / IN \ / PEACE \ / \ | elenmirie | | 983 Au | | killed by a | | killer bee | | | | | | 2024 | *| * * * | * _________)/\\_//(\/(/\)/\//\/|_)_______ Goodbye elenmirie the Archeologist... You died in The Dungeons of Doom on dungeon level 6 with 1619 points, and 983 pieces of gold, after 2870 moves. You were level 4 with a maximum of 37 hit points when you died.